Map: Bridgehead LE (Void)

Players

SticklerMac

  • Race: Terran Terran
  • League: Bronze

miridius - Winner!

  • Race: Protoss Protoss
  • League: Bronze

VOD

Have the link to the VOD?

Description

Time

  • Played on: July 28, 2015, 5:21 p.m.
  • Length: 12:45
Show
View Real Time Build Order
Export as new Build Order

SticklerMac Terran 

Build Orders:  

Get SALT Encoding   

  12  0:00  SCV  
  13  0:13  SCV  
  14  0:19  Supply Depot  
  14  0:25  SCV  
  15  0:40  SCV  
  15  0:41  Barracks  
  16  0:47  Refinery  
  16  0:52  SCV  
  17  1:04  SCV  
  17  1:08  Refinery  
  17  1:20  SCV  
  18  1:30  Marine  
  19  1:32  Barracks  
  19  1:43  SCV  
  20  1:51  Factory  
  20  1:55  SCV  
  22  2:02  Barracks Tech Lab  
  21  2:19  Barracks  
  21  2:25  Barracks Reactor  
  21  2:30  SCV  
  22  2:39  Starport  
  22  2:45  Supply Depot  
  22  2:52  Supply Depot  
  22  3:06  Marauder, Orbital Command  
  22  3:11  Marine  
  25  3:24  Medivac  
  27  3:28  Marine  
  27  3:32  Marine  
  29  3:36  Marine  
  30  3:42  Marauder  
  32  3:54  Medivac  
  34  4:08  Marine x3  
  39  4:10  Marauder  
  39  4:34  Supply Depot  
  39  4:40  Supply Depot  
  39  4:45  Marine  
  39  4:46  Marine x2  
  39  4:48  Marauder  
  39  4:49  Orbital Command  
  26  5:03  Marine  
  26  5:04  Marine  
  10  7:31  Orbital Command  
Show
View Real Time Build Order
Export as new Build Order

miridius Protoss - Winner!

Build Orders: Dark Templar Rush 

Get SALT Encoding   

  12  0:01  Probe  
  13  0:13  Probe  
  14  0:20  Pylon  
  14  0:34  Assimilator  
  14  0:38  Probe  
  15  0:42  Gateway  
  15  0:50  Probe (Chrono Boost)  
  16  1:00  Probe (Chrono Boost)  
  17  1:07  Probe  
  18  1:12  Assimilator  
  18  1:19  Probe  
  19  1:31  Probe  
  20  1:45  Cybernetics Core  
  20  1:49  Pylon  
  20  1:52  Pylon  
  20  1:54  Probe  
  21  2:02  Pylon  
  21  2:06  Probe  
  22  2:18  Probe  
  23  2:23  Twilight Council  
  23  2:30  Gateway  
  23  2:31  Gateway  
  23  2:33  Warp Gate (Chrono Boost)  
  23  2:38  Mothership Core  
  25  3:01  Dark Shrine  
  25  3:15  Gateway  
  25  3:22  Pylon  
  25  3:42  Gateway  
  25  4:24  Dark Templar x4  
  33  5:23  Dark Templar x2  
  33  5:25  Zealot  
  33  5:26  Zealot x2  
  43  5:53  Nexus  
  43  6:28  Stalker  
  41  6:47  Dark Templar  
  41  6:48  Dark Templar  
  45  7:28  Pylon  
  45  7:30  Pylon  
  45  7:32  Pylon  
  45  7:35  Pylon  
  45  7:37  Pylon  
  45  7:39  Pylon  
  45  7:53  Nexus  
  45  7:56  Assimilator  
  45  7:59  Assimilator  
  45  8:03  Pylon  
  45  8:05  Pylon  
  45  8:07  Pylon  
  45  8:10  Pylon  
  45  8:31  Stalker  
  45  8:32  Stalker x4  
  55  8:45  Archon  
  55  8:46  Archon x3  
  55  9:16  Stalker x2  
  59  9:17  Stalker x3  
  65  10:10  Stargate  
  65  10:13  Stargate  
  65  10:15  Probe (Chrono Boost), Stargate  
  65  10:18  Probe (Chrono Boost)  
  67  10:26  Probe (Chrono Boost)  
  67  10:28  Probe (Chrono Boost)  
  69  10:33  Probe (Chrono Boost)  
  69  10:34  Probe  
  71  10:48  Nexus  
  71  10:51  Assimilator  
  71  10:53  Probe x2  
  71  10:55  Assimilator  
  73  11:00  Void Ray (Chrono Boost)  
  73  11:03  Void Ray (Chrono Boost)  
  81  11:05  Probe x2  
  85  11:13  Phoenix (Chrono Boost)  
  85  11:17  Probe  
  85  11:18  Probe  
  87  11:36  Phoenix x2 (Chrono Boost)  
  91  12:04  Phoenix x3  
Tags
 
Add a new tag
Caveats
  • Supply blocks, unpowered buildings, or Contaminate may cause inaccurate times.
  • Supply counts are checked every 10 seconds.